 Dungeon Crawl Stone Soup version 0.25-a0-696-g42a9e46d90 (webtiles) character file.

Game seed: 2052418736065926952, levelgen mode: deterministic

133 CryoSword the Digger (level 5, -5/28 HPs)
             Began as a Gargoyle Earth Elementalist on Mar 31, 2020.
             Slain by Grinder (6 damage)
             ... on level 3 of the Dungeon.
             The game lasted 00:04:21 (2596 turns).

CryoSword the Digger (Gargoyle Earth Elementalist)  Turns: 2596, Time: 00:04:22

Health: -5/28      AC:  8    Str: 12    XL:     5   Next: 16%
Magic:  6/8        EV: 12    Int: 16    God:
Gold:   153        SH:  0    Dex: 10    Spells: 7/8 levels left

rFire    . . .     SeeInvis .   g - +0 short sword (venom)
rCold    . . .     Gourm    .   (no shield)
rNeg     + . .     Faith    .   c - +0 robe
rPois    ∞         Spirit   .   f - +1 helmet
rElec    +         Reflect  .   (no cloak)
rCorr    .         Harm     .   (no gloves)
MR       .....                  (no boots)
Stlth    ++........             (no amulet)
HPRegen  0.09/turn              (no ring)
MPRegen  0.11/turn              (no ring)

@: no status effects
A: negative energy resistance 1, electricity resistance, unbreathing,
petrification resistance, rot immunity, AC +4
a: no special abilities


You were on level 3 of the Dungeon.
You were not hungry.

You visited 1 branch of the dungeon, and saw 3 of its levels.

You collected 153 gold pieces.

Inventory:

Hand Weapons
 e - a +0 mace
   (You found it on level 1 of the Dungeon)
 g - a +0 short sword of venom (weapon)
   (You took it off a kobold on level 1 of the Dungeon)
Missiles
 b - 76 stones (quivered)
Armour
 c - a +0 robe (worn)
 f - a +1 helmet (worn)
   (You took it off Robin on level 2 of the Dungeon)
Jewellery
 s - a +4 amulet of reflection {unknown}
   (You found it on level 2 of the Dungeon)
Wands
 v - a wand of flame (17)
   (You found it on level 3 of the Dungeon)
Scrolls
 a - a scroll of magic mapping {unknown}
 h - 2 scrolls of noise {unknown}
 k - a scroll of blinking {unknown}
 l - 3 scrolls of amnesia {unknown}
 n - a scroll of random uselessness {unknown}
 o - 2 scrolls of identify {unknown}
 p - a scroll of fear {unknown}
 q - a scroll of enchant armour {unknown}
 t - a scroll of remove curse {unknown}
Potions
 i - a potion of stabbing {unknown}
 j - a potion of degeneration {unknown}
 m - a potion of haste {unknown}
 r - a potion of invisibility
Comestibles
 d - 3 rations {!d}
 u - 4 chunks of flesh


   Skills:
 + Level 2.5 Dodging
 + Level 3.5 Stealth
 - Level 2.0 Spellcasting
   Level 0.7 Transmutations
 * Level 5.5 Earth Magic


You had 7 spell levels left.
You knew the following spells:

 Your Spells              Type           Power        Failure   Level  Hunger
a - Sandblast             Erth           ###...       2%          1    #......

Your spell library contained the following spells:

 Spells                   Type           Power        Failure   Level  Hunger
 Passwall                 Tmut/Erth      ##......     9%          2    ###....
 Stone Arrow              Conj/Erth      ##....       21%         3    ###....
 Petrify                  Tmut/Erth      ##......     50%         4    #####..
 Lee's Rapid Deconstruct  Erth           ###.......   52%         5    ######.


Dungeon Overview and Level Annotations

Branches:
Dungeon (3/15)

Altars:
Ru
Xom

Annotations:
D:3 Grinder


Innate Abilities, Weirdness & Mutations

You are resistant to torment.
Your stone body is resilient. (AC +4)
You are immune to poison.
You resist negative energy. (rN+)
You are resistant to electric shocks. (rElec)
You can survive without breathing.
You are immune to petrification.
You are immune to rotting.


Message History

The orc priest casts a cantrip, but nothing happens.
The jackal barely misses you.
You hit the jackal.
The jackal is poisoned.
The jackal barely misses you.
You barely miss the jackal. The jackal closely misses you.
The jackal misses you.
You hit the jackal.
The jackal looks even sicker.
The jackal bites you but does no damage.
You completely miss the jackal. The jackal completely misses you.
The jackal bites you but does no damage.
You hit the jackal.
You kill the jackal!
You miss the jackal. The jackal misses you.
The jackal bites you but does no damage.
You hit the jackal. The jackal bites you.
You hit the jackal.
You kill the jackal!
You hit the orc.
The orc is poisoned.
The orc hits you but does no damage.
You closely miss the orc. The orc hits you but does no damage.
You hit the orc.
The orc looks as sick as possible!
The orc hits you with a +0 hand axe.
* * * LOW HITPOINT WARNING * * *
You kill the orc!
You climb upwards.
There is a stone staircase leading down here.
You start resting.
All of the chunks of flesh in your inventory have rotted away.
You are feeling hungry.
You start resting.
You climb downwards.
The goblin barely misses you.
There is a stone staircase leading up here.
You hit the goblin.
The orc priest invokes the aid of Beogh against you.
Beogh smites you!
Ouch! That really hurt!
* * * LOW HITPOINT WARNING * * *
The goblin barely misses you. The goblin closely misses you.
You climb upwards.
There is a stone staircase leading down here.
You closely miss the goblin. The goblin completely misses you.
You closely miss the goblin. The goblin hits you but does no damage.
You hit the goblin but do no damage.
The goblin hits you but does no damage. x2
You hit the goblin.
You kill the goblin!
You start resting.
You are feeling very hungry.
You start resting.
You climb downwards.
The orc priest hits you but does no damage. x2
There is a stone staircase leading up here.
You closely miss the orc priest.
The orc priest hits you but does no damage.
You closely miss the orc priest. The orc barely misses you.
The orc priest closely misses you.
You closely miss the orc priest. The orc barely misses you.
The orc priest hits you but does no damage.
You hit the orc priest.
The orc priest is poisoned.
The orc hits you from afar with a +1 trident of flaming.
The orc burns you. The orc priest closely misses you.
You hit the orc priest.
The orc priest looks as sick as possible!
The orc closely misses you.
The orc priest miscasts a cantrip.
You closely miss the orc priest.
The orc priest mumbles some strange prayers to Beogh against you.
You barely resist. The orc misses you.
The orc priest hits you but does no damage.
You hit the orc priest.
You kill the orc priest!
You have reached level 5!
The orc misses you.
You hit the orc.
The orc is poisoned.
The orc barely misses you. The orc hits you but does no damage.
You hit the orc.
You kill the orc!
The orc hits you from afar with a +1 trident of flaming.
The orc burns you. The orc misses you.
Items here: ))) [ ÷÷÷÷ † You hit the orc but do no damage.
The orc is poisoned.
The orc closely misses you.
You hit the orc.
The orc looks as sick as possible!
The orc hits you with a +1 trident of flaming.
The orc burns you.
You closely miss the orc.
You kill the orc!
Things that are here:
a +1 trident of flaming; a +0 chain mail of cold resistance; an orc corpse
Okay, then.
Items here: ))) [ ÷÷÷÷ †
Things that are here:
a +1 trident of flaming; a +0 chain mail of cold resistance; an orc corpse You butcher the orc corpse.
m - 2 chunks of flesh
Things that are here:
a +1 trident of flaming; a +0 chain mail of cold resistance; an orc skeleton
Items here: ))) [ ÷÷÷÷ †
There is a stone staircase leading up here.
You start resting.
Eating one of 2 chunks of flesh.
You eat one of the 2 chunks of flesh.
You are feeling hungry.
Found a sacrificial altar of Ru.
Found a scroll labeled KUTTEO AMAAWNI.
Found a fuming pink potion.
There is a sacrificial altar of Ru here.
A kobold comes into view. It is wielding a +0 club.
The kobold throws a stone.
The stone misses you. The kobold barely misses you.
You hit the kobold.
You kill the kobold!
No target in view!
No target in view!
Eating a chunk of flesh.
You eat the chunk of flesh.
Things that are here:
a +0 club; a kobold corpse
b - 78 stones (gained 1)
m - a fuming pink potion
t - a scroll labeled KUTTEO AMAAWNI
There is a stone staircase leading up here.
You butcher the orc corpse.
u - 4 chunks of flesh
Items here: ))) [ ÷÷÷÷÷ x2
You now have 153 gold pieces (gained 13).
v - a wand of flame (17) Grinder comes into view.
Found a brown potion and a robe.
An adder comes into view.
Aim: Grinder (resting)
Okay, then.
Grinder shouts!
Grinder barely misses you.
Found a robe.
You hit Grinder. Grinder hits you.
You writhe in agony.
Aim: Grinder (lightly wounded)
The blast of sand hits Grinder.
b - 77 stones Grinder hits you!
Aim: Grinder (lightly wounded)
The blast of sand hits Grinder but does no damage.
b - 76 stones Grinder gestures at you.
Pain shoots through your body!
* * * LOW HITPOINT WARNING * * *
You hit Grinder. Grinder barely misses you.
You closely miss Grinder. Grinder hits you!
* * * LOW HITPOINT WARNING * * *
You writhe in agony.
* * * LOW HITPOINT WARNING * * *
Grinder hits you.
You die...

# ####[ ....
##..###### ##....
...##
##....5##...####.
#......@.........
##.....##...####
##...# ##.###########
#..... #............#
#.##.
#..#########.### # #.
...... ####.....#
#...!...............#
##.##..##...........
#S #..# #####.....#


You could see Grinder.

Vanquished Creatures
  An orc priest (D:3)
  Robin (D:2)
  2 adders (D:2)
  2 oozes
  2 leopard geckos
  3 orcs (D:3)
  2 giant cockroaches
  10 goblins
  11 hobgoblins
  4 jackals (D:3)
  5 kobolds
  8 bats
  4 frilled lizards
  4 rats
59 creatures vanquished.

Notes
Turn   | Place    | Note
-------+----------+-------------------------------------------
     0 | D:1      | CryoSword the Gargoyle Earth Elementalist began the quest
                  | for the Orb.
     0 | D:1      | Reached XP level 1. HP: 10/10 MP: 3/3
   246 | D:1      | Reached skill level 4 in Earth Magic
   246 | D:1      | Reached XP level 2. HP: 15/15 MP: 5/5
   656 | D:1      | Reached XP level 3. HP: 14/19 MP: 6/6
  1106 | D:2      | Noticed Robin
  1218 | D:2      | Killed Robin
  1384 | D:2      | Reached XP level 4. HP: 24/24 MP: 7/7
  1413 | D:2      | Reached skill level 5 in Earth Magic
  1426 | D:2      | Found a shimmering altar of Xom,
  2436 | D:3      | Reached XP level 5. HP: 25/28 MP: 8/8
  2517 | D:3      | Found a sacrificial altar of Ru,
  2585 | D:3      | Noticed Grinder
  2596 | D:3      | HP: 1/28 [Grinder (1)]
  2596 | D:3      | Slain by Grinder

Levels and vault maps discovered:
D:1:      lightli_arrival_farm, layout_basic, roderic_lattice_a,
          serial_park_tiny_pond
D:2:      cheibrodos_old_hovel, layout_basic, xom_butterflies, uniq_robin
D:3:      layout_loops_ring, nicolae_ru_sacrificial_ziggurat,
          eat_drink_and_be_merry_uskayaw, uniq_grinder

Skill      XL: |  1  2  3  4 |
---------------+-------------+-----
Earth Magic    | 4 5 |  5.5
Dodging        | 2 |  2.5
Stealth        | 3 |  3.5
Spellcasting   | |  2.0
Transmutations | |  0.7

Action                   |  1- 3 |  4- 6 || total
-------------------------+-------+-------++-------
Melee: Short sword       |    74 |    75 ||   149
       Mace              |     2 |       ||     2
       Unarmed           |     1 |       ||     1
Throw: Stone             |     1 |       ||     1
 Cast: Sandblast         |    14 |     2 ||    16
 Stab: Sleeping          |     1 |     2 ||     3
  Eat: Chunk             |     2 |     4 ||     6
Armor: Robe              |    48 |    38 ||    86
Dodge: Dodged            |    75 |    60 ||   135

Table legend:
 A = Non-vault XP
 B = Vault XP
 C = Vault XP percentage of total XP
 D = Non-vault monster count
 E = Vault monster count
 F = Vault count percentage of total count
                 A         B        C        D         E       F
            +---------+---------+-------+---------+---------+-------
      Total |     148 |      42 |  22.1 |      47 |      12 |  20.3
            +---------+---------+-------+---------+---------+-------
        D:1 |      36 |       0 |   0.0 |      19 |       0 |   0.0
        D:2 |      50 |      42 |  45.7 |      18 |      12 |  40.0
        D:3 |      62 |       0 |   0.0 |      10 |       0 |   0.0
            +---------+---------+-------+---------+---------+-------
